 Dungeon Crawl Stone Soup version 0.30-b1-2-g02819fbbbe (webtiles) character file.

Game seed: 17530619334965915820

21 protoss039 the Digger (level 2, 21/21 HPs)
             Began as a Demonspawn Earth Elementalist on July 4, 2023.
             Got out of the dungeon alive.
             The game lasted 00:01:02 (813 turns).

protoss039 the Digger (DsEE)                         Turns: 813, Time: 00:01:03

Health: 21/21      AC:  2    Str:  8    XL:     2   Next: 65%
Magic:  5/5        EV: 12    Int: 16    God:
Gold:   11         SH:  4    Dex: 13    Spells: 4/5 levels left

rFire   . . .        e - +0 dagger (elec)
rCold   . . .        (no shield)
rNeg    . . .        a - +0 robe
rPois   .            (no helmet)
rElec   .            (no cloak)
rCorr   .            (no gloves)
SInv    .            (no boots)
Will    .....        (no amulet)
Stlth   ++           (no ring)
HPRegen 0.23/turn    (no ring)
MPRegen 0.09/turn

%: no passive effects
@: no status effects
A: condensation shield
a: no special abilities


You escaped.
You visited 1 branch of the dungeon, and saw 1 of its levels.

You collected 11 gold pieces.

Inventory:

Hand Weapons
 e - a +0 dagger of electrocution (weapon)
Armour
 a - a +0 robe (worn)
Scrolls
 c - a scroll of vulnerability {unknown}
 d - a scroll of silence {unknown}
 f - a scroll of fog {unknown}
 h - 2 scrolls of identify {unknown}
 i - a scroll of immolation {unknown}
Potions
 b - a potion of magic
 g - a potion of attraction {unknown}


   Skills:
 + Level 1.2 Fighting
 - Level 1.7 Dodging
 - Level 1.7 Stealth
 + Level 2.3 Spellcasting
 - Level 0.8 Transmutations
 + Level 3.0 Earth Magic


You had 4 spell levels left.
You knew the following spells:

 Your Spells              Type           Power      Damage    Failure   Level
a - Sandblast             Erth           22%        2d7       6%          1

Your spell library contained the following spells:

 Spells                   Type           Power      Damage    Failure   Level
 Passwall                 Tmut/Erth      6%         N/A       14%         2
 Stone Arrow              Conj/Erth      12%        3d7       32%         3
 Petrify                  Tmut/Erth      8%         N/A       65%         4


Dungeon Overview and Level Annotations

Branches:
Dungeon (1/15) Zot: 5178

Altars:

Shops:
D:1 ?


Innate Abilities, Weirdness & Mutations

A meltable shield of frost defends you. (SH +4)


Message History

The bat barely misses you.
A bat is nearby!
You barely miss the bat. The bat closely misses you.
You block the bat's attack.
A bat is nearby!
You closely miss the bat. The bat barely misses you.
A bat is nearby!
You barely miss the bat. The bat hits you. The bat barely misses you.
The bat hits you.
A bat is nearby!
You hit the bat.
The bat is heavily wounded.
The bat closely misses you. The bat hits you but does no damage.
A bat is nearby!
You barely miss the bat.
The bat is heavily wounded.
The bat hits you but does no damage.
A bat is nearby!
The bat barely misses you. The bat hits you but does no damage. x2
A bat is nearby!
Casting: Sandblast (safe; 6% risk of failure)
Confirm with . or Enter, or press ? or * to list all spells.
Aiming: Sandblast (safe; 6% risk of failure)
Press: ? - help, Shift-Dir - straight line, f - bat
Aim: a bat (heavily wounded, 73% to hit)
The blast of sand hits the bat.
You kill the bat!
Unknown command.
You see here a +0 mace.
You see here a +0 club.
Key pressed, stopping explore.
No target in view!
Found Eliliat's Magic Scroll Shop.
No target in view!
There is an entrance to Eliliat's Magic Scroll Shop here.
There is an open door here.
There is an open door here.
There is a staircase leading out of the dungeon here.
Are you sure you want to leave the Dungeon?
This will make you lose the game!
You have escaped!

# ########### #.#######
####.........####........
#
##...####'####...##.#####.
# ##.#### #...# ####.##.#
#. # #.## #...# ##.######.
##.# ###'### #.##.....
#.## ##.....## ##.#.....
####.# #.......# #.#..###
#....# +...@...+ #...##
#.##.# #.......# #.###
###.##.## ##.....## ##.#
.....##.# ###+### #.##
####.##.## #...# ##.#
####)###.#### #...#
####.## ..##.#
##...####'####...## #.##.#
####.........#### #.##.##
###########


There were no monsters in sight!

Vanquished Creatures
  3 ball pythons (D:1)
  An endoplasm (D:1)
  2 giant cockroaches (D:1)
  2 goblins (D:1)
  3 hobgoblins (D:1)
  A kobold (D:1)
  A quokka (D:1)
  2 bats (D:1)
  2 rats (D:1)
17 creatures vanquished.

Notes
Turn   | Place    | Note
-------+----------+-------------------------------------------
     0 | D:1      | protoss039 the Demonspawn Earth Elementalist began the
                  | quest for the Orb.
     0 | D:1      | Reached XP level 1. HP: 13/13 MP: 3/3
   222 | D:1      | Gained mutation: A meltable shield of frost defends you.
                  | (SH +4) [demonic ancestry]
   222 | D:1      | Reached XP level 2. HP: 20/20 MP: 1/5
   312 | D:1      | Reached skill level 1 in Fighting
   516 | D:1      | Reached skill level 3 in Earth Magic
   734 | D:1      | Found Eliliat's Magic Scroll Shop.
   813 | D:$      | Got out of the dungeon alive.

Illustrated notes

Levels and vault maps discovered:
D:1:      dpeg_arrival_another_circle, layout_loops_corners, serial_shops,
          nicolae_shop_rolled_up

Skill      XL: |  1  2 |
---------------+-------+-----
Fighting       | 1 |  1.2
Earth Magic    | 3 |  3.0
Dodging        | |  1.7
Stealth        | |  1.7
Spellcasting   | |  2.3
Transmutations | |  0.8

Action                     || total
---------------------------++-------
  Melee: Unarmed           ||    18
         Dagger            ||    23
   Cast: Sandblast         ||    19
   Stab: Sleeping          ||     5
 Armour: Robe              ||    11
  Dodge: Dodged            ||    32
  Block: Other             ||     3
